 Dungeon Crawl Stone Soup version 0.23-a0-270-gab6feb3 (webtiles) character file.

263 w00t the Charlatan (level 6, -1/47 HPs)
             Began as a Gnoll Artificer on Sept 30, 2018.
             Was a Follower of Okawaru.
             Killed from afar by an orc wizard (8 damage)
             ... with a magic dart
             ... on level 3 of the Dungeon.
             The game lasted 00:05:24 (3817 turns).

w00t the Charlatan (Gnoll Artificer)                Turns: 3817, Time: 00:05:25

Health: -1/47      AC:  6    Str: 21    XL:     6   Next: 19%
Magic:  11/11      EV: 19    Int: 14    God:    Okawaru [*.....]
Gold:   162        SH:  0    Dex: 20    Spells: 8/8 levels left

rFire    + . .     SeeInvis .   b - +0 war axe
rCold    . . .     Gourm    .   (no shield)
rNeg     . . .     Faith    .   y - +0 ring mail
rPois    .         Spirit   .   (no helmet)
rElec    .         Reflect  .   (no cloak)
rCorr    .         Harm     .   (no gloves)
MR       .....                  (no boots)
Stlth    +++.......             (no amulet)
HPRegen  0.15/turn              o - ring of protection from fire {rF+, !d}
MPRegen  0.12/turn              l - +1 ring of protection

@: mighty, agile, hasted, very quick
A: distributed training, fangs 1, strong nose
a: Heroism, Renounce Religion


You were on level 3 of the Dungeon.
You worshipped Okawaru.
Okawaru was aware of your devotion.
You were not hungry.

You visited 1 branch of the dungeon, and saw 3 of its levels.

You collected 162 gold pieces.

Inventory:

Hand Weapons
 a - a +1 dagger of flaming
 b - a +0 war axe (weapon)
Missiles
 h - 107 stones
 x - 6 javelins of returning (quivered)
Armour
 y - a +0 ring mail (worn)
 A - a +0 helmet
Jewellery
 j - an uncursed ring of fire {rF+, rC-}
 l - a +1 ring of protection (right hand)
 o - a ring of protection from fire (left hand) {rF+, !d}
Wands
 c - a wand of flame (25)
 d - a wand of enslavement (15)
 e - a wand of random effects (15)
Scrolls
 g - a scroll of enchant armour {unknown}
 i - 2 scrolls of blinking {unknown}
 k - a scroll of teleportation {unknown}
 m - 2 scrolls of fog {unknown}
 q - 6 scrolls of identify {unknown}
 u - a scroll of amnesia {unknown}
 w - a scroll of immolation {unknown}
 z - a scroll of enchant weapon {unknown}
 C - a scroll of remove curse {unknown}
Potions
 t - a potion of might
 v - 2 potions of cancellation
 B - a potion of magic {unknown}
 D - a potion of heal wounds {unknown}
Comestibles
 r - 5 rations


   Skills:
 + Level 3.1 Fighting
 + Level 3.1 Short Blades
 + Level 1.8 Long Blades
 + Level 1.8 Axes
 + Level 1.8 Maces & Flails
 + Level 1.8 Polearms
 + Level 1.8 Staves
 + Level 1.8 Slings
 + Level 1.8 Bows
 + Level 1.8 Crossbows
 + Level 1.8 Throwing
 + Level 1.8 Armour
 + Level 4.9 Dodging
 + Level 3.0 Stealth
 + Level 1.8 Shields
 + Level 1.8 Unarmed Combat
 + Level 1.8 Spellcasting
 + Level 1.4 Conjurations
 + Level 1.4 Hexes
 + Level 1.4 Charms
 + Level 1.4 Summonings
 + Level 1.4 Necromancy
 + Level 1.4 Translocations
 + Level 1.4 Transmutations
 + Level 1.4 Fire Magic
 + Level 1.4 Ice Magic
 + Level 1.4 Air Magic
 + Level 1.4 Earth Magic
 + Level 1.4 Poison Magic
 + Level 2.0 Invocations
 + Level 6.8 Evocations


You had 8 spell levels left.
You didn't know any spells.
Your spell library was empty.

Dungeon Overview and Level Annotations

Branches:
Dungeon (3/15)

Altars:
Ashenzari
Dithmenos
Nemelex Xobeh
Okawaru
Yredelemnul


Innate Abilities, Weirdness & Mutations

Your experience applies equally to all skills.
You have very sharp teeth.
Your uncanny sense of smell can sniff out nearby items.


Message History

The orc wizard blinks!
You feel better. The orc wizard barely misses you.
It was a potion of cancellation.
You feel magically purged. The orc wizard hits you with a dagger.
* * * LOW HITPOINT WARNING * * *
The orc wizard hits you with a dagger.
* * * LOW HITPOINT WARNING * * *
It was a potion of might.
You feel very mighty all of a sudden.
The orc wizard gestures at you while chanting.
The puff of frost hits you!
* * * LOW HITPOINT WARNING * * *
All of the chunks of flesh in your inventory have rotted away.
It was a potion of haste.
You feel yourself speed up. The orc wizard completely misses you.
The orc wizard barely misses you.
It was a potion of agility.
You feel agile all of a sudden. The orc wizard casts a spell at you.
The magic dart hits you!
You die...

#######........>..#.....##.
...............)###........
................# #...)####
.............>..# #....# #
................# .........
######..........# ........
#..........# ..
#....o.....# ..
#...o@.....# ≈.
#....o.....# ≈.
####.####### .. #..§...)[.#
.≈ #.........# .≈
#.........# .. #..........
∆ .≈ #..........# .
#.........##


You could see 3 orc wizards.

Vanquished Creatures
  Jessica (D:2)
  An orc wizard (D:2)
  Robin (D:3)
  6 adders
  3 gnolls (D:3)
  A worm (D:3)
  A dart slug (D:1)
  9 orcs
  7 bats
  2 giant cockroaches
  13 goblins
  14 hobgoblins
  A ball python (D:2)
  7 frilled lizards
  7 kobolds
  8 rats
82 creatures vanquished.

Vanquished Creatures (others)
  An orc priest (D:3)
1 creature vanquished.

Grand Total: 83 creatures vanquished

Notes
Turn   | Place    | Note
-------+----------+-------------------------------------------
     0 | D:1      | w00t the Gnoll Artificer began the quest for the Orb.
     0 | D:1      | Reached XP level 1. HP: 17/17 MP: 4/4
   100 | D:1      | Reached XP level 2. HP: 23/23 MP: 6/6
   329 | D:1      | Found a sparkling altar of Nemelex Xobeh.
   759 | D:2      | Reached XP level 3. HP: 15/28 MP: 7/7
  1381 | D:2      | Reached skill level 1 in Invocations
  1530 | D:2      | Reached skill level 1 in Long Blades
  1530 | D:2      | Reached skill level 1 in Axes
  1530 | D:2      | Reached skill level 1 in Maces & Flails
  1530 | D:2      | Reached skill level 1 in Polearms
  1530 | D:2      | Reached skill level 1 in Staves
  1530 | D:2      | Reached skill level 1 in Slings
  1530 | D:2      | Reached skill level 1 in Bows
  1530 | D:2      | Reached skill level 1 in Crossbows
  1530 | D:2      | Reached skill level 1 in Throwing
  1530 | D:2      | Reached skill level 1 in Armour
  1530 | D:2      | Reached skill level 1 in Shields
  1530 | D:2      | Reached skill level 1 in Unarmed Combat
  1530 | D:2      | Reached skill level 1 in Spellcasting
  1583 | D:2      | Found an iron altar of Okawaru.
  1593 | D:2      | Became a worshipper of Warmaster Okawaru
  1726 | D:2      | Reached XP level 4. HP: 20/34 MP: 8/8
  2042 | D:2      | Found a basalt altar of Yredelemnul.
  2043 | D:2      | Found a shattered altar of Ashenzari.
  2422 | D:2      | Noticed Jessica
  2436 | D:2      | Killed Jessica
  2436 | D:2      | Reached skill level 1 in Conjurations
  2436 | D:2      | Reached skill level 1 in Hexes
  2436 | D:2      | Reached skill level 1 in Charms
  2436 | D:2      | Reached skill level 1 in Summonings
  2436 | D:2      | Reached skill level 1 in Necromancy
  2436 | D:2      | Reached skill level 1 in Translocations
  2436 | D:2      | Reached skill level 1 in Transmutations
  2436 | D:2      | Reached skill level 1 in Fire Magic
  2436 | D:2      | Reached skill level 1 in Ice Magic
  2436 | D:2      | Reached skill level 1 in Air Magic
  2436 | D:2      | Reached skill level 1 in Earth Magic
  2436 | D:2      | Reached skill level 1 in Poison Magic
  2496 | D:3      | Found a shadowy altar of Dithmenos.
  2500 | D:3      | Reached XP level 5. HP: 40/40 MP: 9/9
  2722 | D:3      | Noticed Robin
  2782 | D:2      | Reached * piety under Okawaru
  3184 | D:3      | Killed Robin
  3338 | D:3      | Found a faded altar of an unknown god.
  3411 | D:3      | Reached XP level 6. HP: 26/47 MP: 9/11
  3817 | D:3      | Killed from afar by an orc wizard

Vault maps used:
D:1:      onia_arrival_mini_spirals, st_stairs_12, nemelex_diamond_rough_becter
D:2:      gammafunk_temple_overflow_pools, lemuel_coloured_pillars_altar,
          uniq_jessica
D:3:      nicolae_dithmenos_through_a_glass_darkly,
          chequers_ecumenical_altar_island, uniq_robin

Skill      XL: |  1  2  3  4  5  6 |
---------------+-------------------+-----
Invocations    | 1 2 |  2.0
Long Blades    | 1 |  1.8
Axes           | 1 |  1.8
Maces & Flails | 1 |  1.8
Polearms       | 1 |  1.8
Staves         | 1 |  1.8
Slings         | 1 |  1.8
Bows           | 1 |  1.8
Crossbows      | 1 |  1.8
Throwing       | 1 |  1.8
Armour         | 1 |  1.8
Shields        | 1 |  1.8
Unarmed Combat | 1 |  1.8
Spellcasting   | 1 |  1.8
Conjurations   | 1 |  1.4
Hexes          | 1 |  1.4
Charms         | 1 |  1.4
Summonings     | 1 |  1.4
Necromancy     | 1 |  1.4
Translocations | 1 |  1.4
Transmutations | 1 |  1.4
Fire Magic     | 1 |  1.4
Ice Magic      | 1 |  1.4
Air Magic      | 1 |  1.4
Earth Magic    | 1 |  1.4
Poison Magic   | 1 |  1.4
Fighting       | 3 |  3.1
Short Blades   | 3 |  3.1
Stealth        | 3 |  3.0
Dodging        | |  4.9
Evocations     | |  6.8

Action                   |  1- 3 |  4- 6 || total
-------------------------+-------+-------++-------
Melee: Short sword       |    92 |    46 ||   138
       Bite              |    10 |    21 ||    31
       Punch             |     1 |     1 ||     2
       Dagger            |       |    82 ||    82
       War axe           |       |    55 ||    55
Throw: Stone             |    49 |       ||    49
       Javelin           |       |    18 ||    18
Invok: Heroism           |       |     2 ||     2
  Use: Potion            |       |     5 ||     5
 Stab: Sleeping          |     3 |       ||     3
  Eat: Chunk             |     2 |     7 ||     9
Armor: Leather armour    |    17 |     1 ||    18
       Ring mail         |       |    65 ||    65
Dodge: Dodged            |    63 |   173 ||   236

Table legend:
 A = Non-vault XP
 B = Vault XP
 C = Vault XP percentage of total XP
 D = Non-vault monster count
 E = Vault monster count
 F = Vault count percentage of total count
                 A         B        C        D         E       F
            +---------+---------+-------+---------+---------+-------
      Total |     298 |      79 |  21.0 |      68 |      15 |  18.1
            +---------+---------+-------+---------+---------+-------
        D:1 |      27 |       2 |   6.9 |      15 |       1 |   6.2
        D:2 |     143 |      55 |  27.8 |      32 |      10 |  23.8
        D:3 |     128 |      22 |  14.7 |      21 |       4 |  16.0
            +---------+---------+-------+---------+---------+-------
